 Dungeon Crawl Stone Soup version 0.20-a0-1126-g0f15420 (webtiles) character file.

193 Ijustatesigmund the Magician (level 5, -7/45 HPs)
             Began as a Draconian Conjurer on May 17, 2017.
             Mangled by a wraith (13 damage)
             ... in an ossuary.
             The game lasted 00:09:33 (2687 turns).

Ijustatesigmund the Magician (Draconian Conjurer)   Turns: 2687, Time: 00:09:34

Health: -7/45      AC:  6    Str:  8 (10) XL:     5   Next: 43%
Magic:  11/11      EV: 12    Int: 14 (16) God:
Gold:   52         SH:  0    Dex: 11 (12) Spells: 2/12 levels left

rFire    . . .     SeeInvis .   e - +0 club
rCold    . . .     Gourm    .   (no shield)
rNeg     + . .     Faith    .   (armour unavailable)
rPois    .         Spirit   .   (helmet restricted)
rElec    .         Reflect  .   (no cloak)
rCorr    .         Harm     .   (no gloves)
MR       .....                  q - +0 pair of boots
Stlth    ++........             (no amulet)
Regen    0.2/turn               s - ring of positive energy
MPRegen  0.2/turn               (no ring)

@: hasted and slowed
A: unfitting armour, cold-blooded, AC +5
a: no special abilities


You were in an ossuary.
You were not hungry.

You visited 1 branch of the dungeon, and saw 4 of its levels.
You also visited: Ossuary.

You collected 52 gold pieces.

Inventory:

Hand Weapons
 e - a +0 club (weapon)
Missiles
 k - 3 javelins (quivered)
Armour
 q - a +0 pair of boots (worn)
Jewellery
 s - a ring of positive energy (left hand)
Wands
 o - a wand of acid (5/15)
Scrolls
 n - a scroll of fog
Potions
 d - a potion of flight
 g - 2 potions of curing
 h - a potion of degeneration
 j - a potion of magic
Books
 a - a book of Conjurations

   Spells                             Type                      Level
   a - Magic Dart                     Conjuration                  1
   b - Searing Ray                    Conjuration                  2
   c - Dazzling Spray                 Conjuration/Hexes            3
   d - Fulminant Prism                Conjuration/Hexes            4
   e - Force Lance                    Conjuration/Translocation    4
   f - Iskenderun's Mystic Blast      Conjuration                  4
Comestibles
 b - 3 bread rations
 c - 3 meat rations
 f - a royal jelly
 l - 7 fruits


   Skills:
 - Level 3.0 Fighting
 + Level 1.7 Maces & Flails
 - Level 1.7 Dodging
 - Level 1.7 Stealth
 + Level 4.1 Spellcasting
 - Level 4.0 Conjurations


You had 2 spell levels left.
You knew the following spells:

 Your Spells              Type           Power        Failure   Level  Hunger
a - Magic Dart            Conj           ##..         3%          1    None
b - Searing Ray           Conj           ##....       5%          2    ##.....
c - Dazzling Spray        Conj/Hex       #.....       26%         3    ###....
d - Iskenderun's Mystic   Conj           ##......     36%         4    ####...


Dungeon Overview and Level Annotations

Branches:
Dungeon (4/15)
 Temple: D:4-7

Altars:
Dithmenos
Fedhas
Makhleb

Annotations:
D:3 HAL9000's ghost, amateur GrGl


Innate Abilities, Weirdness & Mutations

Your plain brown scales are hard. (AC +5)
You cannot fit into any form of body armour.
You are cold-blooded and may be slowed by cold attacks.


Message History

The kobold zombie is unaffected.
The hobgoblin zombie is unaffected.
The wraith closely misses you.
The hobgoblin zombie closely misses you.
The kobold zombie closely misses you.
You closely miss the wraith.
Your tail-slap misses the wraith.
The wraith is lightly damaged.
The wraith hits you but does no damage. The hobgoblin zombie barely misses you.
The kobold zombie barely misses you.
You hit the wraith.
The wraith is lightly damaged.
The wraith hits you but does no damage.
The hobgoblin zombie closely misses you.
The kobold zombie hits you but does no damage.
The wraith hits you.
* * * LOW HITPOINT WARNING * * *
You are too injured to fight recklessly!
You hit the hobgoblin zombie. You tail-slap the hobgoblin zombie.
You destroy the hobgoblin zombie!
The wraith hits you!
You die...

#####'''#########
.................
................
###..###..###..#
#.^ #..#"#..# #..#
#^.#'#..#+# .#
#..#.#..#^#..#.#..#
..................#
..........@.......#
...###...Z.W####..#
.. #...8ZZ.'!# # .
#......####
#........
...........
....####.#### ..8..
#.. ..... #.##


You could see a wraith, a hobgoblin zombie and 2 kobold zombies.

Vanquished Creatures
  A jelly (D:4)
  4 adders
  9 oozes (D:2)
  4 worms (D:2)
  A dart slug (D:2)
  A leopard gecko (D:1)
  An orc (D:4)
  4 giant cockroaches
  A gnoll zombie (Ossuary)
  A goblin (D:2)
  7 hobgoblins
  13 jackals (D:2)
  14 kobolds
  7 bats
  2 frilled lizards
  A goblin zombie (Ossuary)
  A hobgoblin zombie (Ossuary)
  3 rats
75 creatures vanquished.

Vanquished Creatures (others)
  2 hobgoblin zombies (Ossuary)
  2 fungi (D:2)
  5 toadstools (D:2)
9 creatures vanquished.

Grand Total: 84 creatures vanquished

Notes
Turn   | Place    | Note
-------+----------+-------------------------------------------
     0 | D:1      | Ijustatesigmund the Draconian Conjurer began the quest for the Orb.
     0 | D:1      | Reached XP level 1. HP: 14/14 MP: 3/3
   199 | D:1      | Reached skill level 1 in Fighting
   199 | D:1      | Reached XP level 2. HP: 23/23 MP: 0/5
   203 | D:1      | Learned a level 2 spell: Searing Ray
   793 | D:2      | Reached XP level 3. HP: 25/29 MP: 4/7
  1056 | D:2      | Reached XP level 4. HP: 33/37 MP: 8/8
  1249 | D:2      | Learned a level 3 spell: Dazzling Spray
  1305 | D:2      | Found a blossoming altar of Fedhas.
  1787 | D:2      | Found a shadowy altar of Dithmenos.
  2011 | D:2      | Found a burning altar of Makhleb.
  2011 | D:2      | Noticed an Executioner
  2167 | D:2      | Reached skill level 1 in Maces & Flails
  2167 | D:2      | Reached XP level 5. HP: 45/45 MP: 6/10
  2223 | D:2      | Learned a level 4 spell: Iskenderun's Mystic Blast
  2368 | D:3      | Noticed HAL9000's ghost (amateur GrGl)
  2382 | D:4      | Found a sand-covered staircase.
  2467 | Ossuary  | Entered an ossuary
  2467 | Ossuary  | Noticed a wraith
  2467 | Ossuary  | Noticed a wraith
  2467 | Ossuary  | Noticed a wraith
  2665 | Ossuary  | Noticed a wraith
  2687 | Ossuary  | Mangled by a wraith

Vault maps used:
D:1:      doesnt_arrival_eight_statues
D:2:      cheibrodos_fertilizer, makhleb_altar_promises_db, marbit_many_paths,
          nicolae_dithmenos_through_a_glass_darkly
D:3:      cheibrodos_pilgrimage, cheibrodos_ashenzari_chains, uniq_ijyb
D:4:      nicolae_ossuary_entry_monument, uniq_blork_the_orc
Ossuary:  ossuary_kennysheep_city_of_the_dead

Skill      XL: |  1  2  3  4  5 |
---------------+----------------+-----
Fighting       | 1 2 3 |  3.0
Spellcasting   | 3 4 |  4.1
Maces & Flails | 1 |  1.7
Dodging        | |  1.7
Stealth        | |  1.7
Conjurations   | |  4.0

Action                   |  1- 3 |  4- 6 || total
-------------------------+-------+-------++-------
Melee: Club              |    68 |    70 ||   138
       Unarmed           |     8 |       ||     8
       Tailslap          |     8 |     8 ||    16
 Cast: Magic Dart        |    29 |    86 ||   115
       Searing Ray       |     3 |     3 ||     6
  Use: Scroll            |     3 |     6 ||     9
       Potion            |       |     5 ||     5
 Stab: Sleeping          |       |     2 ||     2
  Eat: Chunk             |       |     4 ||     4
       Royal jelly       |       |     1 ||     1
Armor: Skin              |    39 |    30 ||    69
Dodge: Dodged            |    67 |    76 ||   143
